 Dungeon Crawl Stone Soup version 0.28.0-49-g6dfe1f597d (webtiles) character file.

Game seed: 13912731045824157130

35 Atelerd the Digger (level 3, 0/22 HPs)
             Began as an Octopode Earth Elementalist on May 12, 2022.
             Slain by Terence
             ... wielding a +0 hand axe
              (8 damage)
             ... on level 1 of the Dungeon.
             The game lasted 00:01:05 (1299 turns).

Atelerd the Digger (Octopode Earth Elementalist)    Turns: 1299, Time: 00:01:06

Health: 0/22       AC:  1    Str:  7    XL:     3   Next: 33%
Magic:  1/7        EV: 13    Int: 19    God:
Gold:   0          SH:  0    Dex: 12    Spells: 6/7 levels left

rFire   . . .      SeeInvis .   f - +0 dagger
rCold   . . .      Faith    .   (no shield)
rNeg    . . .      Spirit   .   (helmet restricted)
rPois   .          Reflect  .   (no amulet)
rElec   .          Harm     .   (no ring)
rCorr   .          Rampage  .   (no ring)
Will    .....                   (no ring)
Stlth   +++.......              (no ring)
HPRegen 0.07/turn               (no ring)
MPRegen 0.10/turn               (no ring)
                                (no ring)
                                (no ring)

@: very slightly contaminated
A: almost no armour, amphibious, 8 rings, camouflage 1, gelatinous body 1,
(nimble swimmer 1), tentacles
a: no special abilities


You were on level 1 of the Dungeon.
You visited 1 branch of the dungeon, and saw 2 of its levels.

Inventory:

Hand Weapons
 f - a +0 dagger (weapon)
Missiles
 b - 41 stones
Jewellery
 d - a +4 ring of evasion
Scrolls
 a - a scroll of magic mapping {unknown}
 c - a scroll of enchant armour {unknown}
Potions
 e - a potion of cancellation {unknown}


   Skills:
 + Level 0.8 Fighting
 - Level 2.0 Dodging
 - Level 2.6 Stealth
 + Level 0.4 Unarmed Combat
 + Level 2.6 Spellcasting
 + Level 1.1 Transmutations
 + Level 3.4 Earth Magic


You had 6 spell levels left.
You knew the following spells:

 Your Spells              Type           Power      Damage    Failure   Level
a - Sandblast             Erth           30%        2d9       3%          1

Your spell library contained the following spells:

 Spells                   Type           Power      Damage    Failure   Level
 Passwall                 Tmut/Erth      9%         N/A       10%         2
 Stone Arrow              Conj/Erth      18%        3d8       24%         3
 Petrify                  Tmut/Erth      11%        N/A       52%         4


Dungeon Overview and Level Annotations

Branches:
Dungeon (2/15)

Altars:

Annotations:
D:1 Terence


Innate Abilities, Weirdness & Mutations

You cannot wear most types of armour.
You are amphibious.
You can wear up to eight rings at the same time.
Your skin changes colour to match your surroundings (Stealth+).
Your rubbery body absorbs attacks. (AC +1, EV +1)
((You are camouflaged when in or above water. (Stealth+)))
You have tentacles for arms and can constrict up to eight enemies at once.


Message History

Casting: Sandblast (safe; 3% risk of failure)
Confirm with . or Enter, or press ? or * to list all spells.
Aiming: Sandblast (safe; 3% risk of failure)
Press: ? - help, Shift-Dir - straight line, f/p - Terence
Aim: Terence, wielding a +0 hand axe and wearing a +0 scale mail (moderately wounded, 82% to hit)
You miscast Sandblast.
You are very lightly contaminated with residual magic.
Nothing appears to happen.
Terence hits you with a +0 hand axe.
Casting: Sandblast (safe; 3% risk of failure)
Confirm with . or Enter, or press ? or * to list all spells.
Aiming: Sandblast (safe; 3% risk of failure)
Press: ? - help, Shift-Dir - straight line, f/p - Terence
Aim: Terence, wielding a +0 hand axe and wearing a +0 scale mail (moderately wounded, 82% to hit)
The blast of sand hits Terence but does no damage.
Terence is moderately wounded.
Terence closely misses you.
Casting: Sandblast (safe; 3% risk of failure)
Confirm with . or Enter, or press ? or * to list all spells.
Aiming: Sandblast (safe; 3% risk of failure)
Press: ? - help, Shift-Dir - straight line, f/p - Terence
Aim: Terence, wielding a +0 hand axe and wearing a +0 scale mail (moderately wounded, 82% to hit)
The blast of sand misses Terence.
Terence hits you with a +0 hand axe.
Unknown command.
Casting: Sandblast (safe; 3% risk of failure)
Confirm with . or Enter, or press ? or * to list all spells.
Aiming: Sandblast (safe; 3% risk of failure)
Press: ? - help, Shift-Dir - straight line, f/p - Terence
Aim: Terence, wielding a +0 hand axe and wearing a +0 scale mail (moderately wounded, 82% to hit)
The blast of sand hits Terence.
Terence is heavily wounded.
Terence hits you with a +0 hand axe.
Casting: Sandblast (safe; 3% risk of failure)
Confirm with . or Enter, or press ? or * to list all spells.
Aiming: Sandblast (safe; 3% risk of failure)
Press: ? - help, Shift-Dir - straight line, f/p - Terence
Aim: Terence, wielding a +0 hand axe and wearing a +0 scale mail (heavily wounded, 82% to hit)
The blast of sand hits Terence.
Terence is heavily wounded.
Terence hits you with a +0 hand axe!
You die...

##...)...# #.## #.#
##.......# #..## #.#
#.......## ##..####.#####
..#.....### ##.#........#
##........####.#........#
#...........#..........#
#.......###.##.###.#####
###.....## #.##@###.###
.......## #..#.@#....#
##..#### ##..#.#....#
....##########........#
##............###.....#
#.#..........# #.....#
##.#..........###.....#
...#..................#
.###..........###.....#
.# #..........# #.....#


You could see Terence.

Vanquished Creatures
  2 ball pythons (D:1)
  6 endoplasms
  A giant cockroach (D:1)
  3 goblins
  A hobgoblin (D:1)
  4 jackals (D:2)
  2 kobolds (D:1)
  A quokka (D:1)
  3 bats (D:1)
  A frilled lizard (D:1)
  7 rats (D:1)
31 creatures vanquished.

Notes
Turn   | Place    | Note
-------+----------+-------------------------------------------
     0 | D:1      | Atelerd the Octopode Earth Elementalist began the quest for
                  | the Orb.
     0 | D:1      | Reached XP level 1. HP: 11/11 MP: 3/3
    84 | D:1      | Reached XP level 2. HP: 17/17 MP: 1/5
   348 | D:1      | Found a faded altar of an unknown god.
   959 | D:1      | Reached XP level 3. HP: 22/22 MP: 6/6
  1251 | D:2      | Noticed Terence
  1299 | D:1      | Slain by Terence

Illustrated notes

Levels and vault maps discovered:
D:1:      dpeg_arrival_ratfight, layout_rooms, ebering_ecumenical_altar_mist
D:2:      layout_loops_cross, basic_altar, kennysheep_flooded_box, st_stairs_13,
          minivault_5, uniq_robin, uniq_terence

Action                   || total
-------------------------++-------
Melee: Unarmed           ||    24
       Constrict         ||    10
       Tentacles         ||     7
       Punch             ||     2
       Dagger            ||    13
 Cast: Sandblast         ||    32
 Stab: Sleeping          ||     6
Armor: Skin              ||     5
Dodge: Dodged            ||    37
